 Dungeon Crawl Stone Soup version 0.26.1-11-gd32895ea62 (webtiles) character file.

Game seed: 8636404543451326040

282052 Tirrikindir the Brawler (level 19, -3/206 HPs)
             Began as a Troll Fighter on June 3, 2021.
             Was the Champion of Ashenzari.
             Hit by a large rock thrown by a cyclops (18 damage)
             ... on level 1 of the Vaults.
             The game lasted 02:11:47 (36848 turns).

Tirrikindir the Brawler (Troll Fighter)            Turns: 36848, Time: 02:11:47

Health: -3/206     AC: 22    Str: 29    XL:     19   Next: 72%
Magic:  18/18      EV: 18    Int:  6    God:    Ashenzari [******]
Gold:   774        SH: 26    Dex: 15    Spells: 18/18 levels left

rFire    . . .     SeeInvis +     - Unarmed
rCold    + + .     Faith    .   s - +0 tower shield {rPois} (curse)
rNeg     . . .     Spirit   .   H - +0 ice dragon scales (curse)
rPois    +         Reflect  +   S - +1 hat {Will+} (curse)
rElec    .         Harm     .   t - +0 cloak {rCorr} (curse)
rCorr    +         Rampage  .   (gloves unavailable)
Will     ++...     Clarity  +   (boots unavailable)
Stlth    ..........             R - amulet of reflection (curse)
HPRegen  0.84/turn              P - +4 ring of slaying (curse)
MPRegen  0.16/turn              F - ring of protection from fire (curse)

@: studying Dodging
A: large, unfitting armour, claws 3, blink, clever 1, deterioration 1,
regeneration 1, shaggy fur 1, tough skin 3, evolution 1, subdued magic 1, sturdy
frame 1
}: 2/15 runes: decaying, serpentine
a: Blink, Renounce Religion, Curse Item, Scrying, Transfer Knowledge


You were on level 1 of the Vaults.
You worshipped Ashenzari.
Ashenzari was exalted by your worship.
You visited 7 branches of the dungeon, and saw 33 of its levels.
You also visited: Ossuary, Gauntlet, Ice Cave and Volcano.

You collected 3258 gold pieces.
You spent 2484 gold pieces at shops.

Inventory:

Hand Weapons
 M - a +9 scimitar of flaming
Missiles
 k - 98 poisoned darts (quivered)
 y - 6 large rocks
Armour
 s - a cursed +0 tower shield of poison resistance (worn)
 t - a cursed +0 cloak of preservation (worn)
 H - cursed +0 ice dragon scales (worn)
 I - a +0 troll leather armour
 S - a cursed +1 hat of willpower (worn)
Jewellery
 d - an uncursed ring of fire
 F - a cursed ring of protection from fire (right claw)
 J - an uncursed ring of flight
 P - a cursed +4 ring of slaying (left claw)
 R - a cursed amulet of reflection (around neck)
Wands
 g - a wand of flame (9)
 m - a wand of paralysis (33)
 G - a wand of iceblast (16)
 Q - a wand of acid (6)
 V - a wand of disintegration (21)
Scrolls
 a - a scroll of holy word
 e - 8 scrolls of teleportation
 f - a scroll of enchant armour
 l - 8 scrolls of magic mapping
 o - 5 scrolls of fog
 r - 13 scrolls of remove curse
 w - 3 scrolls of blinking
 C - 18 scrolls of identify
 E - 5 scrolls of fear
 N - 2 scrolls of summoning
 X - a scroll of silence
Potions
 c - 5 potions of might
 i - 4 potions of flight
 j - 2 potions of invisibility
 n - 6 potions of haste
 p - 3 potions of magic
 u - 6 potions of cancellation
 v - a potion of berserk rage
 x - 10 potions of heal wounds
 A - 11 potions of curing
 B - 2 potions of ambrosia
 W - a potion of resistance
Books
 Y - a manual of Dodging
Miscellaneous
 b - a condenser vane
 h - a phial of floods
 q - a lightning rod (4/4)
 T - a box of beasts
 U - a phantom mirror


   Skills:
 * Level 16.5 Fighting
 - Level 8.0 Throwing
 - Level 11.8(16.0) Armour
 - Level 10.7(15.0) Dodging
 + Level 12.0(14.7) Shields
 + Level 19.0 Unarmed Combat
 - Level 4.8(9.2) Evocations


You had 18 spell levels left.
You didn't know any spells.
Your spell library contained the following spells:

 Spells                   Type           Power        Failure   Level
 Animate Skeleton         Necr           0%           47%         1
 Apportation              Tloc           0%           47%         1
 Beastly Appendage        Tmut           0%           47%         1
 Corona                   Hex            0%           47%         1
 Freeze                   Ice            0%           47%         1
 Magic Dart               Conj           0%           47%         1
 Pain                     Necr           0%           47%         1
 Shock                    Conj/Air       0%           47%         1
 Sting                    Tmut/Pois      0%           47%         1
 Summon Small Mammal      Summ           0%           47%         1
 Blink                    Tloc           N/A          63%         2
 Call Imp                 Summ           0%           63%         2
 Passwall                 Tmut/Erth      0%           63%         2
 Poisonous Vapours        Pois/Air       0%           63%         2
 Searing Ray              Conj           0%           63%         2
 Slow                     Hex            0%           63%         2
 Swiftness                Air            0%           63%         2
 Call Canine Familiar     Summ           0%           86%         3
 Confusing Touch          Hex            0%           86%         3
 Conjure Flame            Conj/Fire      0%           86%         3
 Dazzling Flash           Conj/Hex       0%           86%         3
 Gell's Gravitas          Tloc           0%           86%         3
 Ignite Poison            Fire/Tmut/Pois 0%           86%         3
 Inner Flame              Hex/Fire       0%           86%         3
 Mephitic Cloud           Conj/Pois/Air  0%           86%         3
 Portal Projectile        Hex/Tloc       0%           86%         3
 Static Discharge         Conj/Air       0%           86%         3
 Summon Guardian Golem    Hex/Summ       0%           86%         3
 Vampiric Draining        Necr           0%           86%         3
 Airstrike                Air            0%           99%         4
 Animate Dead             Necr           0%           99%         4
 Cause Fear               Hex            0%           99%         4
 Fulminant Prism          Conj/Hex       0%           99%         4
 Iskenderun's Mystic Bla  Conj/Tloc      0%           99%         4
 Leda's Liquefaction      Hex/Erth       0%           99%         4
 Olgreb's Toxic Radiance  Pois           0%           99%         4
 Petrify                  Tmut/Erth      0%           99%         4
 Summon Ice Beast         Ice/Summ       0%           99%         4
 Summon Lightning Spire   Summ/Air       0%           99%         4
 Agony                    Necr           0%           100%        5
 Blade Hands              Tmut           0%           100%        5
 Bolt of Magma            Conj/Fire/Erth 0%           100%        5
 Excruciating Wounds      Necr           0%           100%        5
 Fireball                 Conj/Fire      0%           100%        5
 Irradiate                Conj/Tmut      0%           100%        5
 Iskenderun's Battlesphe  Conj           0%           100%        5
 Lightning Bolt           Conj/Air       0%           100%        5
 Metabolic Englaciation   Hex/Ice        0%           100%        5
 Yara's Violent Unravell  Hex/Tmut       0%           100%        5
 Death Channel            Necr           0%           100%        6
 Eringya's Noxious Bog    Tmut/Pois      0%           100%        6
 Hydra Form               Tmut           0%           100%        6
 Invisibility             Hex            0%           100%        6
 Iron Shot                Conj/Erth      0%           100%        6
 Ozocubu's Refrigeration  Ice            0%           100%        6
 Simulacrum               Ice/Necr       0%           100%        6
 Starburst                Conj/Fire      0%           100%        6
 Statue Form              Tmut/Erth      0%           100%        6
 Dragon Form              Tmut           0%           100%        7
 Orb of Destruction       Conj           0%           100%        7
 Spellforged Servitor     Conj/Summ      0%           100%        7
 Ignition                 Fire           0%           100%        8


Dungeon Overview and Level Annotations

Branches:
Dungeon (15/15)            Temple (1/1) D:6            Lair (6/6) D:10
  Swamp (4/4) Lair:2        Snake (4/4) Lair:2        Slime (0/5) Lair:6
    Orc (2/2) D:9             Elf (0/3) Orc:2        Vaults (1/5) D:13
 Depths (0/5) D:15        Ossuary (visited)           IceCv (visited)
Volcano (visited)         Gauntlet (visited)

Altars:
Ashenzari
Cheibriados
Dithmenos
Elyvilon
Fedhas
Gozag
Hepliaklqana
Kikubaaqudgha
Makhleb
Nemelex Xobeh
Okawaru
Qazlal
Ru
Sif Muna
Trog
Uskayaw
Vehumet
Wu Jian
Xom
Yredelemnul
Zin
The Shining One
Beogh

Shops:
D:5 }   D:8 (   D:10 =   Orc:2 [*(=   Snake:4 }==


Innate Abilities, Weirdness & Mutations

You are too large for most types of armour.
You have claws for hands.
Your natural rate of healing is unusually fast.
You are covered in fur. (AC +1)
You have extremely tough skin. (AC +3)
You can translocate small distances at will.
Your mind is acute. (Int +2)
Your body sometimes deteriorates upon taking damage.
You evolve.
Your spells are a little easier to cast, but a little less powerful.
Your movements are slightly less encumbered by armour. (ER -2)


Message History

The deep elf knight casts a spell at you.
The shard of ice misses you. You block the two-headed ogre's attack.
The two-headed ogre hits you with a +0 dire flail!
* * * LOW HITPOINT WARNING * * *
You see here a scroll of torment.
As you read the scroll of teleportation, it crumbles to dust.
You feel strangely unstable. You block the cyclops's attack.
You block the deep elf knight's attack.
The vault guard hits you with a cursed -3 great mace!!
* * * LOW HITPOINT WARNING * * *
You block the cyclops's attack.
Items here: ( )) [.
Your surroundings seem slightly different.
The deep elf knight points at you and mumbles some strange words.
The shard of ice misses you.
The cyclops throws a large rock.
You reflect the large rock off an invisible shield around you!
The large rock hits the cyclops!!
You open the door.
The cyclops throws a large rock.
The large rock hits you!!
You die...

,,, #+##.....##'# ,
{,,,#.....#.....# , ,,
#.)..###....# ** { ,
+.....#.....# , ,,
#)##)....##'# * * ,
,#..##...##..# * ,,,,
* #...#...#...# ,, ,*
#...#...#...# *, ,* *
*###+#######@########,
**+ **,{{ *
#.........# * ,, ***
,,{{,{{ * #...).....+
,,, ,* *{,,{{*
#.e.......# * , ,
{***** * #.O.p(....#
,* ,, , ,, * {,
#..C......# *, ,, , *
, ,,* * #.C)(.....# **
* +* ,,**,^ ,,,
#..)?)....# * , * ,, ,
∆ #.........# ,** ,


You could see a vault guard, a two-headed ogre, a deep elf knight and 2
cyclopes.

Vanquished Creatures
  Vashnia (Snake:3)
  Saint Roka (Orc:2)
  Nikola (Snake:2)
  Jorgrun (D:15)
  2 thorn hunters
  A fenstrider witch (Swamp:4)
  8 nagarajas
  3 vault wardens (Vaults:1)
  Aizul (Snake:1)
  An orc warlord (Orc:1)
  A reaper (IceCv)
  A deep elf demonologist (Vaults:1)
  Nessos (Lair:6)
  A minotaur (Gauntlet)
  Azrael (D:12)
  A dire elephant (Lair:4)
  5 bunyips
  An ettin (Orc:2)
  Snorg (D:12)
  2 fire dragons (D:15)
  5 eleionomae
  Josephine (Lair:6)
  An ice dragon (Vaults:1)
  2 rakshasas
  2 ghost crabs
  A boulder beetle (D:14)
  4 vault guards (D:13)
  4 centaur warriors
  20 hydras
  15 naga warriors
  9 anacondas
  16 two-headed ogres
  14 alligators
  2 death knights (D:15)
  30 death yaks
  2 tengu warriors (D:15)
  2 ogre magi
  22 naga sharpshooters
  An orc high priest (Orc:2)
  7 slime creatures
  6 shock serpents
  A sixfirhy (Gauntlet)
  A salamander mystic (Snake:4)
  A hell knight (Volcano)
  3 skeletal warriors (D:14)
  An unseen horror (D:14)
  3 sea snakes (Snake:4)
  7 spriggan druids
  3 goliath frogs
  A wizard (D:13)
  6 bog bodies
  16 swamp dragons
  A lindwurm (shapeshifter) (D:15)
  Pikel (D:6)
  3 ironbrand convokers (Vaults:1)
  4 orc knights
  2 deep elf archers
  12 mana vipers
  3 deep elf magi
  9 ugly things
  9 naga ritualists
  4 oklob plants (Lair:5)
  4 will-o-the-wisps
  5 salamanders
  2 manticores (D:9)
  A wolf spider zombie (D:15)
  21 elephants (Lair:4)
  4 orc sorcerers
  3 cyclopes
  2 ice statues (IceCv)
  39 black mambas
  A vault sentinel (Vaults:1)
  28 naga magi
  Psyche (D:9)
  A centaur zombie (D:15)
  Joseph (D:7)
  5 gargoyles
  28 cane toads
  4 guardian serpents
  Maggie (D:7)
  2 centaur skeletons
  8 komodo dragons
  A rime drake (Lair:5)
  11 ice devils
  The ghost of hawla the Conjurer, a novice DECj (D:5)
  8 tyrant leeches
  2 tengu conjurers (D:15)
  7 trolls
  A bloated husk (Swamp:3)
  Prince Ribbit (D:8)
  7 hornets
  A polar bear (Lair:4)
  A meliai (D:8)
  A merfolk (D:9)
  23 blink frogs
  Grinder (D:3)
  A raiju (shapeshifter) (D:15)
  4 dream sheep (Lair:4)
  3 large abominations (Gauntlet)
  Sigmund (D:3)
  14 spriggans
  5 wraiths
  A human (D:13)
  4 shadows (Gauntlet)
  9 wyverns
  30 yaks
  2 basilisks
  3 fire elementals (D:12)
  7 fire bats (Volcano)
  13 vampire mosquitoes
  3 steam dragons
  Eustachio (D:6)
  11 swamp worms
  6 wargs
  3 acid dragons
  40 nagas
  2 soldier ants
  Duvessa (D:7)
  15 water moccasins
  5 hell hounds (D:12)
  8 swamp drakes
  4 sky beasts
  11 black bears
  40 orc warriors
  6 phantoms
  5 ice beasts
  An eye of draining (D:11)
  3 necrophages (D:7)
  14 ogres
  17 wolves
  11 centaurs
  6 small abominations (Gauntlet)
  A lemure (D:6)
  4 big kobolds
  43 bullfrogs
  2 wyvern zombies
  Dowan (D:7)
  A wyvern skeleton (D:14)
  A hornet simulacrum (D:15)
  3 scorpions
  15 killer bees
  10 electric eels
  4 howler monkeys
  16 wights
  2 bullfrog zombies
  9 lava snakes (Volcano)
  2 quasits (D:9)
  A human simulacrum (Vaults:1)
  6 hounds
  5 jellies
  27 orc wizards
  Crazy Yiuf (D:3)
  26 orc priests
  A gnoll shaman (D:9)
  3 bullfrog skeletons
  5 iguanas
  8 worker ants
  6 hell rats (Lair:4)
  A centaur simulacrum (D:5)
  2 hound zombies
  8 mummies (Ossuary)
  A killer bee simulacrum (D:5)
  A howler monkey zombie (D:7)
  4 worker ant zombies
  5 gnolls
  A howler monkey skeleton (D:10)
  16 adders
  A hound simulacrum (D:5)
  A shadow imp (D:5)
  14 white imps
  12 ufetubi
  An ooze (D:2)
  2 adder skeletons
  2 adder zombies
  2 worms (D:2)
  2 dart slugs (D:4)
  An adder simulacrum (D:5)
  6 leopard geckos
  106 orcs
  4 giant cockroaches
  4 goblins
  6 hobgoblins
  7 jackals
  7 quokkas
  5 ball pythons (D:3)
  11 bats
  6 frilled lizards
  A hobgoblin zombie (Ossuary)
  A jackal skeleton (D:8)
  A jackal zombie (D:5)
  18 kobolds
  4 kobold zombies (Ossuary)
  A leopard gecko skeleton (D:4)
  3 orc zombies (Ossuary)
  A quokka zombie (D:5)
  5 rats
  A briar patch (Swamp:4)
  A bush (D:7)
1308 creatures vanquished.

Vanquished Creatures (collateral kills)
  An orc knight (Orc:2)
  A hound (D:11)
  An orc (Orc:2)
  A quokka (D:11)
4 creatures vanquished.

Vanquished Creatures (others)
  An anaconda (Snake:2)
  An alligator (Swamp:3)
  A naga sharpshooter (Snake:3)
  A goliath frog (Swamp:3)
  A naga ritualist (Snake:4)
  3 ugly things (D:15)
  A black mamba (Snake:1)
  A swamp drake (Swamp:3)
  2 white imps (IceCv)
  2 ufetubi (IceCv)
  3 briar patches (Swamp:4)
  10 foxfires
  102 fungi
  213 plants
342 creatures vanquished.

Grand Total: 1654 creatures vanquished

Notes
Turn   | Place    | Note
-------+----------+-------------------------------------------
     0 | D:1      | Tirrikindir the Troll Fighter began the quest for the Orb.
     0 | D:1      | Reached XP level 1. HP: 22/22 MP: 0/0
   250 | D:1      | Reached XP level 2. HP: 29/29 MP: 1/1
   908 | D:2      | Reached XP level 3. HP: 36/36 MP: 2/2
   966 | D:2      | Found a shadowy altar of Dithmenos.
   966 | D:2      | Found a broken altar of Ashenzari.
   976 | D:2      | Became a worshipper of Ashenzari the Shackled
  1229 | D:2      | Reached skill level 3 in Unarmed Combat
  1372 | D:2      | Found a blossoming altar of Fedhas.
  1398 | D:2      | Reached XP level 4. HP: 20/44 MP: 3/3
  1407 | D:2      | Reached skill level 1 in Throwing
  1920 | D:3      | Noticed Sigmund
  1933 | D:3      | Killed Sigmund
  1934 | D:3      | Reached skill level 4 in Unarmed Combat
  1934 | D:3      | Reached XP level 5. HP: 41/53 MP: 4/4
  1934 | D:3      | Reached XP level 6. HP: 48/61 MP: 5/5
  2221 | D:3      | Noticed Grinder
  2221 | D:3      | Paralysed by Grinder for 3 turns
  2229 | D:3      | Killed Grinder
  2230 | D:3      | Reached skill level 5 in Unarmed Combat
  2230 | D:3      | Reached XP level 7. HP: 67/67 MP: 6/6
  2626 | D:3      | Found a runed translucent door.
  2627 | D:3      | Noticed Crazy Yiuf
  2642 | D:3      | Killed Crazy Yiuf
  2895 | D:4      | Reached * piety under Ashenzari
  2982 | D:4      | Found a sand-covered staircase.
  2987 | Ossuary  | Entered an ossuary
  3384 | D:4      | Reached XP level 8. HP: 78/78 MP: 7/7
  3533 | D:4      | Found a snail-covered altar of Cheibriados.
  3544 | D:4      | Reached skill level 6 in Unarmed Combat
  3588 | D:4      | Found an iron altar of Okawaru.
  3975 | D:5      | Entered Level 5 of the Dungeon
  4067 | D:5      | Found a runed translucent gate.
  4067 | D:5      | Found a runed translucent gate.
  4067 | D:5      | Found a runed translucent gate.
  4094 | D:5      | Noticed hawla's ghost (novice DECj)
  4107 | D:5      | Found a sparkling altar of Nemelex Xobeh.
  4111 | D:5      | Reached skill level 7 in Unarmed Combat
  4192 | D:5      | Noticed a troll
  4199 | D:5      | Killed a troll
  4200 | D:5      | Reached skill level 8 in Unarmed Combat
  4225 | D:5      | Found Ygorupn's Gadget Shoppe.
  4755 | D:6      | Reached skill level 9 in Unarmed Combat
  4894 | D:6      | Noticed Pikel
  4909 | D:6      | Killed Pikel
  4910 | D:6      | Reached skill level 10 in Unarmed Combat
  4910 | D:6      | Reached XP level 9. HP: 84/84 MP: 8/8
  4997 | D:6      | Noticed Eustachio
  5019 | D:6      | Killed Eustachio
  5127 | D:6      | Found a staircase to the Ecumenical Temple.
  5150 | Temple   | Entered the Ecumenical Temple
  5389 | D:6      | Found a hazy altar of Hepliaklqana.
  5561 | D:7      | Noticed Joseph
  5575 | D:7      | Killed Joseph
  5576 | D:7      | Reached skill level 1 in Armour
  5906 | D:7      | Found a sparkling altar of Nemelex Xobeh.
  5912 | D:7      | Reached ** piety under Ashenzari
  5960 | D:7      | Noticed Dowan
  5962 | D:7      | Noticed Duvessa
  5963 | D:7      | Noticed Maggie
  5976 | D:7      | Killed Duvessa
  5977 | D:7      | Killed Dowan
  5987 | D:7      | Killed Maggie
  5988 | D:7      | Reached skill level 5 in Fighting
  5988 | D:7      | Reached skill level 5 in Shields
  5988 | D:7      | Reached XP level 10. HP: 74/96 MP: 9/9
  6213 | D:7      | Found a blossoming altar of Fedhas.
  6387 | D:7      | Found a hide-covered altar of Uskayaw.
  6497 | D:8      | Noticed a two-headed ogre
  6517 | D:8      | Killed a two-headed ogre
  6532 | D:8      | Noticed a brown ugly thing
  6544 | D:8      | Killed a red ugly thing
  6718 | D:8      | Found Ylanu's Weapon Shop.
  6750 | D:8      | Noticed Prince Ribbit
  6757 | D:8      | Killed Prince Ribbit
  6758 | D:8      | Reached skill level 11 in Unarmed Combat
  6993 | D:8      | Found a glowing golden altar of the Shining One.
  7156 | D:8      | Found an ornate altar of the Wu Jian Council.
  7169 | D:8      | Reached skill level 5 in Dodging
  7707 | D:9      | Reached XP level 11. HP: 105/105 MP: 10/10
  7936 | D:9      | Reached *** piety under Ashenzari
  8108 | D:9      | Noticed Psyche
  8115 | D:9      | Killed Psyche
  8155 | D:9      | Noticed a two-headed ogre
  8161 | D:9      | Killed a two-headed ogre
  8272 | D:9      | Found a staircase to the Orcish Mines.
  8794 | D:9      | Reached skill level 5 in Throwing
  9295 | D:9      | Found an ancient bone altar of Kikubaaqudgha.
  9363 | D:9      | Noticed a two-headed ogre
  9370 | D:9      | Killed a two-headed ogre
  9371 | D:9      | Noticed a two-headed ogre
  9377 | D:9      | Killed a two-headed ogre
  9378 | D:9      | Reached skill level 5 in Armour
  9396 | D:9      | Identified the Catalogue of Ice and Transmutation
  9400 | D:9      | Identified Advanced Steps in Magic
  9535 | D:10     | Entered Level 10 of the Dungeon
  9621 | D:10     | Found a staircase to the Lair.
  9978 | D:10     | Found a shadowy altar of Dithmenos.
  9980 | D:10     | Found Jaos's Jewellery Shop.
 10019 | D:10     | Reached skill level 12 in Unarmed Combat
 10240 | D:10     | Reached XP level 12. HP: 90/118 MP: 11/11
 10797 | D:11     | Found a frozen archway.
 10820 | IceCv    | Entered an ice cave
 11004 | IceCv    | Reached skill level 1 in Evocations
 11313 | IceCv    | Noticed a reaper
 11327 | IceCv    | Killed a reaper
 11681 | D:11     | Gained mutation: Your body sometimes deteriorates upon
                  | taking damage. [potion of mutation]
 11681 | D:11     | Gained mutation: You evolve. [potion of mutation]
 11681 | D:11     | Gained mutation: Your movements are slightly less
                  | encumbered by armour. (ER -2) [potion of mutation]
 11691 | D:11     | Reached XP level 13. HP: 122/127 MP: 12/12
 11862 | D:11     | Reached **** piety under Ashenzari
 12396 | D:12     | Noticed Snorg
 12412 | D:12     | Killed Snorg
 12722 | D:12     | Noticed Azrael
 12733 | D:12     | Killed Azrael
 12734 | D:12     | Reached skill level 13 in Unarmed Combat
 13519 | D:5      | Killed hawla's ghost
 13693 | Lair:1   | Entered Level 1 of the Lair of Beasts
 14315 | Lair:2   | Found a staircase to the Snake Pit.
 14482 | Lair:2   | Reached XP level 14. HP: 108/140 MP: 13/13
 14487 | Lair:2   | Gained mutation: You can translocate small distances at
                  | will. [evolution]
 14639 | Lair:2   | Reached ***** piety under Ashenzari
 14898 | Lair:2   | Found a staircase to the Swamp.
 15963 | Lair:3   | Found a dark tunnel.
 15981 | Volcano  | Entered a volcano
 16147 | Volcano  | Reached skill level 14 in Unarmed Combat
 16164 | Volcano  | Found a radiant altar of Vehumet.
 16399 | Lair:3   | Reached skill level 10 in Fighting
 17261 | Lair:4   | Reached XP level 15. HP: 140/152 MP: 14/14
 17831 | Lair:4   | Reached skill level 10 in Armour
 18417 | Lair:5   | Reached skill level 15 in Unarmed Combat
 18579 | Lair:5   | Identified Sif Muna's Reference Book on Ghastly Lightness
 20236 | D:13     | Found a gate to the Vaults.
 20615 | D:14     | Reached ****** piety under Ashenzari
 20904 | D:14     | Identified a scroll of acquirement
 20905 | D:14     | Acquired a cursed +0 tower shield of poison resistance
 21302 | D:15     | Entered Level 15 of the Dungeon
 21391 | D:15     | Acquired a manual of Unarmed Combat
 21456 | D:15     | Reached XP level 16. HP: 51/166 MP: 15/15
 21713 | D:15     | Noticed Jorgrun
 21722 | D:15     | Killed Jorgrun
 22330 | D:15     | Gained mutation: Your mind is acute. (Int +2) [evolution]
 22381 | D:15     | Found a staircase to the Depths.
 22849 | Lair:6   | Entered Level 6 of the Lair of Beasts
 23067 | Lair:6   | Noticed Nessos
 23100 | Lair:6   | Killed Nessos
 23834 | Lair:6   | Noticed Josephine
 23841 | Lair:6   | Killed Josephine
 23868 | Lair:6   | Found a staircase to the Slime Pits.
 23995 | Lair:6   | Reached skill level 16 in Unarmed Combat
 24186 | Lair:6   | Identified the +0 scale mail of Infinity {Dex+2} (You found
                  | it on level 13 of the Dungeon)
 24422 | Orc:1    | Entered Level 1 of the Orcish Mines
 24489 | Orc:2    | Entered Level 2 of the Orcish Mines
 24489 | Orc:2    | Found a staircase to the Elven Halls.
 24542 | Orc:2    | Found a gate leading to a gauntlet.
 24574 | Gauntlet | Entered a Gauntlet
 24574 | Gauntlet | Found a transporter.
 24581 | Gauntlet | Found a transporter.
 24583 | Gauntlet | Found a transporter.
 24600 | Gauntlet | Found a transporter.
 24601 | Gauntlet | Found a transporter.
 24618 | Gauntlet | Found a transporter.
 24629 | Gauntlet | Found a transporter.
 24634 | Gauntlet | Found a transporter.
 24660 | Gauntlet | Found a transporter.
 24667 | Gauntlet | Found a transporter.
 24674 | Gauntlet | Found a transporter.
 24678 | Gauntlet | Found a transporter.
 24719 | Gauntlet | Found a transporter.
 24723 | Gauntlet | Found a transporter.
 25157 | Orc:2    | Paralysed by an orc sorcerer for 7 turns
 25287 | Orc:1    | HP: 6/170 [orc warlord/+3 broad axe of flaming (9)]
 25603 | Orc:1    | Reached XP level 17. HP: 174/178 MP: 16/16
 25925 | Orc:2    | Found a roughly hewn altar of Beogh.
 25928 | Orc:2    | Found Her Wiol's Jewellery Shop.
 25928 | Orc:2    | Noticed Saint Roka
 26140 | Orc:2    | Killed Saint Roka
 26154 | Orc:2    | Found Arel's Antique Weapon Shop.
 26178 | Orc:2    | Found Leiresosop's General Store.
 26223 | Orc:2    | Found Ysulusk's Antique Armour Shop.
 26628 | Orc:2    | Bought pitted pearl dragon scales for 2484 gold pieces
 26628 | Orc:2    | Identified the cursed +1 pearl dragon scales "Mipuakki"
                  | {rN+ Int+5} (You bought it in a shop on level 2 of the
                  | Orcish Mines)
 26754 | Snake:1  | Entered Level 1 of the Snake Pit
 26891 | Snake:1  | Found a sacrificial altar of Ru.
 27123 | Snake:1  | Noticed Aizul
 27141 | Snake:1  | Killed Aizul
 27384 | Snake:1  | Found a shadowy altar of Dithmenos.
 27975 | Snake:2  | Reached skill level 10 in Shields
 28373 | Snake:2  | Noticed Nikola
 28387 | Snake:2  | Killed Nikola
 28388 | Snake:2  | Reached skill level 17 in Unarmed Combat
 29475 | Snake:3  | Noticed Vashnia
 30149 | Snake:3  | Killed Vashnia
 30535 | Snake:3  | Reached XP level 18. HP: 178/191 MP: 17/17
 30775 | Swamp:1  | Entered Level 1 of the Swamp
 31108 | Swamp:1  | Identified the Grimoire of Battle Magic and Moulding
 31349 | Swamp:2  | Reached skill level 18 in Unarmed Combat
 31486 | Swamp:2  | Reached skill level 15 in Fighting
 31653 | Swamp:2  | Acquired a manual of Dodging
 32894 | Lair:2   | Gained mutation: Your spells are a little easier to cast,
                  | but a little less powerful. [evolution]
 33075 | Swamp:4  | Entered Level 4 of the Swamp
 34402 | Swamp:4  | Reached skill level 10 in Dodging
 34655 | Swamp:4  | Got a decaying rune of Zot
 34869 | Snake:4  | Entered Level 4 of the Snake Pit
 34932 | Snake:4  | Found Qiren's Gadget Emporium.
 34932 | Snake:4  | Found Ogirauv's Jewellery Boutique.
 34933 | Snake:4  | Found Loodaled's Jewellery Boutique.
 34945 | Snake:4  | Reached XP level 19. HP: 204/204 MP: 18/18
 36410 | Snake:4  | Got a serpentine rune of Zot
 36685 | Vaults:1 | Entered Level 1 of the Vaults
 36711 | Vaults:1 | Reached skill level 19 in Unarmed Combat
 36848 | Vaults:1 | Hit by a large rock thrown by a cyclops

Illustrated notes

Levels and vault maps discovered:
D:1:      erik_arrival_orb_chamber, layout_loops_cross, st_stairs_9
D:2:      layout_loops_corners, gammafunk_temple_overflow_pools,
          overflow_temple_1_default
D:3:      cheibrodos_pilgrimage, layout_loops_cross, minmay_snake_closets,
          uniq_crazy_yiuf_cottage, uniq_grinder, uniq_sigmund
D:4:      layout_loops_ring, kennysheep_slug_shrine, kennysheep_mini_moat,
          enter_ossuary_2
D:5:      layout_rooms, serial_shops, shop, gammafunk_ghost_icy, basic_altar,
          grunt_ministairs_6
D:6:      layout_loops_ring, nzn_hepliaklqana_mist_gate,
          minmay_temple_entry_junction, minmay_misc_feat_hallway, moated_statue,
          uniq_pikel, uniq_eustachio
D:7:      layout_basic, lemuel_crystal_altar, lemuel_doored_altar,
          fedhas_altar_decomposition, uniq_duvessa, uniq_joseph, uniq_maggie
D:8:      cheibrodos_ideogram_h, layout_gridville, nicolae_tso_carved_into_rock,
          kennysheep_little_box, serial_shops, shop, serial_undead,
          serial_undead_c, serial_undead_a, serial_undead_d, serial_undead_c,
          roderic_roman_lattice, grunt_decor_junction, uniq_prince_ribbit1
D:9:      kennysheep_town, serial_shops, uniq_psyche
D:10:     layout_cave_pods, dpeg_oklobed_lair, serial_shops, shop,
          serial_column_ruins, column_ruins_columns_corner,
          column_ruins_corridor_dead_end, column_ruins_grid_3,
          column_ruins_grid_1, kennysheep_minor_cross, grunt_dithmenos_smoke
D:11:     layout_irregular_city, portal_ice_cave_demonic_guard
D:12:     layout_long_grid, kennysheep_generic_room_8, uniq_snorg, uniq_azrael
D:13:     layout_loops_ring, grunt_vaults_entry_fortified, skrybe_limestone_x,
          minmay_fountain_box
D:14:     layout_cave_pools, chequers_serial_rivers_micro_e
D:15:     grunt_enter_depths_hoard, layout_irregular_city, serial_park_square3
          [serial_park_minivault_5x5_7], serial_column_ruins,
          column_ruins_hut_water, column_ruins_open_small,
          column_ruins_columns_corner, column_ruins_columns_straight,
          column_ruins_columns_dead_end, kb_tengu_band, uniq_jorgrun
Temple:   nicolae_temple_hex_pool
Lair:1:   layout_cave_shapes, grunt_megastairs_4
Lair:2:   layout_gridlike, palyth_hydra_swamp_entry, dummy_snake_entry
Lair:3:   layout_regular_city, lightli_volcano_entry_magma_tube
Lair:4:   mu_elephants_graveyard, layout_loops_ring
Lair:5:   layout_gridlike, grunt_megastairs_3, minmay_lair_oklob_chamber
Lair:6:   minmay_lair_end_frog_pond, layout_long_grid, dpeg_slime_entry_corner,
          uniq_nessos, uniq_josephine
Swamp:1:  layout_falls_marsh, nicolae_swamp_rocky_clearing
Swamp:2:  layout_falls_marsh, evilmike_swamp_ruin_house_6
Swamp:3:  layout_falls_marsh, evilmike_swamp_ruin_house_2
Swamp:4:  swamp, layout_basic_swamp
Snake:1:  layout_rooms, hangedman_feature_mirror, uniq_aizul
Snake:2:  layout_chambers, uniq_nikola
Snake:3:  kennysheep_six_static_rooms, layout_grid_maze, lemuel_fruit_tree,
          uniq_vashnia, uniq_saint_roka
Snake:4:  snake_pit, layout_onion_interference, minmay_shop_grove,
          serial_bayou_shore_a
Orc:1:    layout_caves
Orc:2:    grunt_orc_cross, layout_diamond_mine, gauntlet_entry_generic
Vaults:1: nicolae_vaults_three_branches, vaults_room_semicircle,
          grunt_vaults_swirl, nicolae_vaults_border_crossing,
          nicolae_vaults_what_the_h, v_misc_19, hangedman_vaults_cutoff,
          vaults_room_semicircle, v_misc_26, vaults_room_stairs_pillars,
          vaults_mumra_lcd, v_misc_24, vaults_room_stairs_pillars,
          layout_vaults_omnibox

Skill      XL: |  1  2  3  4  5  6  7  8  9 10 11 12 13 14 15 16 17 18 19 |
---------------+----------------------------------------------------------+-----
Unarmed Combat | 3 4 5 10 11 12 13 14 15 16 17 18 19 | 19.0
Throwing       | 1 2 3 4 5 7 8 |  8.0
Fighting       | 3 4 5 6 7 8 9 10 12 13 14 15 16 | 16.5
Dodging        | 3 4 5 6 8 10 | 10.7
Shields        | 3 4 5 6 7 8 9 10 11 12 | 12.0
Armour         | 1 3 5 6 7 9 10 11 | 11.8
Evocations     | 2 3 4 |  4.8

Action                   |  1- 3 |  4- 6 |  7- 9 | 10-12 | 13-15 | 16-18 | 19-21 || total
-------------------------+-------+-------+-------+-------+-------+-------+-------++-------
Melee: Unarmed           |    98 |    95 |   376 |   782 |  1245 |  1617 |   405 ||  4618
       Whip              |       |       |       |       |    30 |       |       ||    30
       Scimitar          |       |       |       |       |    34 |    58 |       ||    92
Throw: Dart              |       |       |     2 |     5 |    24 |    41 |     5 ||    77
       Large rock        |       |       |       |       |       |     9 |       ||     9
Invok: Curse Item        |     1 |       |       |       |     2 |     4 |       ||     7
 Abil: Blink             |       |       |       |       |     2 |       |       ||     2
Evoke: Wand              |       |       |       |       |     7 |       |       ||     7
       Box of beasts     |       |       |       |       |       |     1 |       ||     1
  Use: Scroll            |    11 |     3 |     8 |     9 |    19 |     9 |     3 ||    62
       Potion            |       |       |     1 |     5 |     5 |     5 |       ||    16
 Stab: Sleeping          |       |     2 |     1 |     2 |       |       |       ||     5
       Invisible         |       |       |       |     7 |     8 |     7 |       ||    22
       Paralysed         |       |       |       |       |     6 |       |       ||     6
       Distracted        |       |       |       |       |       |     1 |       ||     1
       Confused          |       |       |       |       |       |     4 |       ||     4
Armor: Robe              |    38 |    26 |    88 |       |       |       |       ||   152
       Steam dragon scal |       |       |       |   122 |       |       |       ||   122
       Troll leather arm |       |       |       |    37 |    11 |       |       ||    48
       Ice dragon scales |       |       |       |    14 |   337 |   484 |    68 ||   903
Dodge: Dodged            |    29 |    25 |    78 |   237 |   386 |   663 |   120 ||  1538
Block: Kite shield       |    62 |    52 |   210 |   443 |   806 |       |       ||  1573
       Tower shield      |       |       |       |       |    86 |  1948 |   449 ||  2483
       Reflection        |       |       |       |       |       |   125 |   101 ||   226
       Rpst.: Scimitar   |       |       |       |       |     3 |    22 |       ||    25
